 Dungeon Crawl Stone Soup version 0.19-a0-1908-g43c011f (webtiles) character file.

1576 mistymad the Covert (level 8, -2/35 (37) HPs)
             Began as a Spriggan Assassin on Oct 22, 2016.
             Slain by an ice beast (10 damage)
             ... on level 6 of the Dungeon.
             The game lasted 00:20:07 (7708 turns).

mistymad the Covert (Spriggan Assassin)             Turns: 7708, Time: 00:20:08

HP:   -2/35 (37)    AC:  3    Str:  7    XL:     8   Next: 60%
MP:   12/12         EV: 25    Int: 12    God:
Gold: 476           SH:  0    Dex: 20    Spells: 2 memorised, 8 levels left

rFire  . . .     SeeInvis +     a - +3 dagger
rCold  . . .     Gourm    .     c - +0 robe
rNeg   . . .     Faith    .     (shield restricted)
rPois  .         Spirit   .     (helmet restricted)
rElec  .         Reflect  .     d - +0 cloak
rCorr  .         Harm     .     (gloves unavailable)
MR     +....                    (boots unavailable)
Stlth  +++++.....               (no amulet)
                                p - ring of flight
                                (no ring)

@: very quick
A: unfitting armour, see invisible, herbivore 3, speed 3, slow metabolism 2
a: Evoke Flight


You were on level 6 of the Dungeon.
You were not hungry.

You visited 2 branches of the dungeon, and saw 7 of its levels.
You also visited: Ossuary.

You collected 476 gold pieces.

Inventory:

Hand Weapons
 a - a +3 dagger (weapon)
 b - a +0 blowgun
Missiles
 e - 31 poisoned needles
 f - 5 curare-tipped needles
Armour
 c - a +0 robe (worn)
 d - a +0 cloak (worn)
Jewellery
 p - a ring of flight (right hand)
 w - an uncursed ring of fire
Scrolls
 i - 13 scrolls of identify
 l - 3 scrolls of remove curse
 m - 6 scrolls of teleportation
 n - a scroll of amnesia
 u - a scroll of enchant weapon
 x - 2 scrolls of magic mapping
Potions
 h - 2 potions of might
 o - 4 potions of brilliance
 q - a potion of cancellation {unknown}
 r - 4 potions of flight {unknown}
 s - 3 potions of degeneration {unknown}
 t - 6 potions of curing {unknown}
 z - a potion of heal wounds {unknown}
Books
 j - a book of Air

   Spells                             Type                      Level
   a - Shock                          Conjuration/Air              1
   b - Swiftness                      Charms/Air                   2
   c - Repel Missiles                 Charms/Air                   2
   d - Static Discharge               Conjuration/Air              3
   e - Lightning Bolt                 Conjuration/Air              5
 v - a book of Changes

   Spells                             Type                      Level
   a - Beastly Appendage              Transmutation                1
   b - Sticks to Snakes               Transmutation                2
   c - Spider Form                    Transmutation/Poison         3
   d - Ice Form                       Ice/Transmutation            4
   e - Blade Hands                    Transmutation                5
 y - a book of Cantrips

   Spells                             Type                      Level
   a - Confusing Touch                Hexes                        1
   b - Animate Skeleton               Necromancy                   1
   c - Summon Small Mammal            Summoning                    1
   d - Apportation                    Translocation                1
Comestibles
 g - 3 bread rations
 k - 4 fruits


   Skills:
 - Level 1.5 Fighting
 + Level 7.1 Short Blades
 - Level 2.1 Throwing
 + Level 8.5 Dodging
 + Level 10.8 Stealth
 + Level 2.0 Spellcasting
 + Level 2.4 Charms


You had 8 spell levels left.
You knew the following spells:

 Your Spells              Type           Power        Failure   Level  Hunger
a - Apportation           Tloc           #.........   28%         1    ##.....
b - Repel Missiles        Chrm/Air       #.....       28%         2    ###....


Dungeon Overview and Level Annotations

Branches:
Dungeon (6/15)             Temple (1/1) D:6

Altars:
Cheibriados
Elyvilon
Fedhas
Gozag
Hepliaklqana
Nemelex Xobeh
Qazlal
Ru
Sif Muna
Trog
Uskayaw
Vehumet
Xom
The Shining One


Innate Abilities, Weirdness & Mutations

You are very small and have problems with some larger weapons.
You are too small for most types of armour.
You have supernaturally acute eyesight. (SInv)
You are a herbivore.
You cover ground extremely quickly.
You need consume almost no food.


Message History

You closely miss the ice beast.
The ice beast is severely wounded.
The phantom blinks!
You hit the ice beast but do no damage.
The ice beast is severely wounded.
The ice beast hits you but does no damage.
You hit the ice beast.
The ice beast is severely wounded.
The ice beast completely misses you.
You completely miss the ice beast.
The ice beast is severely wounded.
You hit the ice beast.
The ice beast is severely wounded.
The ice beast hits you but does no damage.
You barely miss the ice beast.
The ice beast is severely wounded.
The ice beast hits you.
* * * LOW HITPOINT WARNING * * *
The ice beast freezes you!
You die...

#.# ###.####.##......# #.#.#.##
#.# #.........)......# #.#.#.##
#.# #.#..............####.#.#.##
#.# #.######.##.....###.......##
..# #?######.##.....###.....### #
##.#.......W............<.###
##.##.....).[.##.....###.......oz
.............###.....###......###
##$##.........hY@.....##.#.#.##
..>...........######..#....#.#
...##.!.......# ....#..#.#
.....###...#### .# ...... ##.#.
#...# ### #.# # #. ....... #.#
.......#### ####.... ######


You could see a phantom, an ice beast and a hound.

Vanquished Creatures
  A two-headed ogre (D:6)
  A phantom (D:5)
  An ogre (D:5)
  A necrophage (D:5)
  A centaur (D:5)
  A crocodile (D:4)
  A scorpion (D:5)
  A howler monkey (D:6)
  6 wights (D:6)
  A quasit (D:6)
  3 iguanas
  2 orc wizards
  Natasha (thrice) (D:2)
  A worker ant (D:4)
  8 mummies (Ossuary)
  A worker ant zombie (D:6)
  8 adders
  4 gnolls (D:5)
  4 oozes
  A worm zombie (D:5)
  3 worms (D:2)
  A dart slug (D:3)
  5 leopard geckos
  9 orcs
  A ball python (D:3)
  4 giant cockroaches
  14 goblins
  8 hobgoblins
  16 jackals
  7 kobolds
  3 quokkas
  10 bats
  5 frilled lizards
  3 hobgoblin zombies (Ossuary)
  3 kobold zombies (Ossuary)
  A leopard gecko zombie (D:5)
  2 orc zombies (Ossuary)
  A quokka skeleton (D:5)
  10 rats
  A rat zombie (D:5)
157 creatures vanquished.

Notes
Turn   | Place    | Note
-------+----------+-------------------------------------------
     0 | D:1      | mistymad the Spriggan Assassin began the quest for the Orb.
     0 | D:1      | Reached XP level 1. HP: 10/10 MP: 2/2
    88 | D:1      | Reached skill level 6 in Stealth
    88 | D:1      | Reached XP level 2. HP: 2/14 MP: 3/3
   565 | D:1      | Reached XP level 3. HP: 13/18 MP: 4/4
   888 | D:2      | Noticed Natasha
   896 | D:2      | Killed Natasha
   896 | D:2      | Reached XP level 4. HP: 22/22 MP: 5/5
   963 | D:2      | Noticed Natasha
  1037 | D:2      | Reached skill level 7 in Stealth
  1495 | D:2      | Killed Natasha
  1790 | D:2      | Reached XP level 5. HP: 19/25 MP: 6/6
  1831 | D:2      | Noticed Natasha
  1863 | D:2      | Killed Natasha
  2750 | D:3      | Reached XP level 6. HP: 30/30 MP: 7/7
  3247 | D:3      | Found a bloodstained altar of Trog.
  3308 | D:3      | Reached skill level 8 in Stealth
  3555 | D:4      | Reached skill level 5 in Dodging
  3914 | D:4      | Reached skill level 5 in Short Blades
  4034 | D:5      | Entered Level 5 of the Dungeon
  4317 | D:5      | Learned a level 1 spell: Apportation
  4448 | D:5      | Found a sand-covered staircase.
  4473 | Ossuary  | Entered an ossuary
  4696 | Ossuary  | Reached XP level 7. HP: 18/33 MP: 8/8
  5091 | D:5      | Reached skill level 9 in Stealth
  6553 | D:5      | Reached XP level 8. HP: 28/35 MP: 9/9
  6568 | D:5      | Reached skill level 10 in Stealth
  6953 | D:5      | Learned a level 2 spell: Repel Missiles
  7189 | D:6      | Found a snail-covered altar of Cheibriados.
  7234 | D:6      | Found a staircase to the Ecumenical Temple.
  7285 | Temple   | Entered the Ecumenical Temple
  7509 | D:6      | Reached skill level 1 in Charms
  7591 | D:6      | Reached skill level 1 in Spellcasting
  7641 | D:6      | Noticed a two-headed ogre
  7679 | D:6      | Killed a two-headed ogre
  7708 | D:6      | Slain by an ice beast

Vault maps used:
D:1:      ncdulo_wetmaze
D:2:      first_bread, kennysheep_generic_room_15, uniq_natasha
D:3:      trog_hazing_becter
D:5:      cheibrodos_helix_gallery, enter_ossuary_3
D:6:      nicolae_overflow_hidden_temple, minmay_fountain_box,
          uniq_blork_the_orc
Temple:   nicolae_temple_figure_eight
Ossuary:  ossuary_tomb_3

Skill      XL: |  1  2  3  4  5  6  7  8 |
---------------+-------------------------+-----
Stealth        | 6 7 8 9 10 | 10.8
Dodging        | 2 3 4 5 7 8 |  8.5
Short Blades   | 3 4 5 6 7 |  7.1
Charms         | 2 |  2.4
Spellcasting   | 2 |  2.0
Fighting       | |  1.5
Throwing       | |  2.1

Action                   |  1- 3 |  4- 6 |  7- 9 || total
-------------------------+-------+-------+-------++-------
Melee: Dagger            |   114 |   373 |   344 ||   831
 Fire: Blowgun           |       |    19 |    10 ||    29
Throw: Throwing net      |       |     1 |     3 ||     4
  Use: Scroll            |       |     7 |     5 ||    12
 Stab: Sleeping          |     6 |    17 |     5 ||    28
       Held in net/web   |       |     1 |     3 ||     4
       Distracted        |       |       |     1 ||     1
  Eat: Bread ration      |       |     1 |       ||     1
Armor: Robe              |    19 |    32 |    11 ||    62
Dodge: Dodged            |    80 |   290 |   245 ||   615
